 Dungeon Crawl Stone Soup version 0.21.1-1-g345015fe64 (webtiles) character file.

67 Ivernyr the Charmwright (level 4, 33/34 HPs)
             Began as a Demonspawn Skald on Apr 26, 2018.
             Quit the game on level 2 of the Dungeon.
             The game lasted 00:05:27 (1503 turns).

Ivernyr the Charmwright (Demonspawn Skald)          Turns: 1503, Time: 00:05:28

Health: 33/34      AC:  4    Str: 11    XL:     4   Next: 0%
Magic:  1/7        EV: 12    Int: 14    God:
Gold:   53         SH:  0    Dex: 14    Spells: 2/7 levels left

rFire    . . .     SeeInvis .   a - +0 falchion
rCold    . . .     Gourm    .   (no shield)
rNeg     . . .     Faith    .   b - +0 leather armour
rPois    .         Spirit   .   h - +0 helmet
rElec    .         Reflect  .   (no cloak)
rCorr    .         Harm     .   (no gloves)
MR       .....                  (no boots)
Stlth    +.........             (no amulet)
HPRegen  0.11/turn              (no ring)
MPRegen  0.10/turn              (no ring)

@: very slightly contaminated
A: hooves 1, powered by death 1, rot immunity
a: no special abilities


You were on level 2 of the Dungeon.
You were hungry.

You visited 1 branch of the dungeon, and saw 2 of its levels.

You collected 53 gold pieces.

Inventory:

Hand Weapons
 a - a +0 falchion (weapon)
Armour
 b - a +0 leather armour (worn)
 h - a +0 helmet (worn)
Jewellery
 i - an uncursed ring of poison resistance {unknown}
Scrolls
 e - 4 scrolls of remove curse {unknown}
 f - a scroll of noise {unknown}
 k - a scroll of blinking {unknown}
 n - a scroll of teleportation {unknown}
 o - 2 scrolls of identify {unknown}
Potions
 g - a potion of degeneration {unknown}
 j - a potion of might {unknown}
 l - a potion of berserk rage {unknown}
 m - 2 potions of ambrosia {unknown}
 p - 2 potions of mutation {unknown}
Books
 c - a book of Battle

   Spells                             Type                      Level
   a - Infusion                       Charms                       1
   b - Shroud of Golubria             Charms/Translocation         2
   c - Song of Slaying                Charms                       2
   d - Spectral Weapon                Hexes/Charms                 3
   e - Regeneration                   Charms/Necromancy            3
Comestibles
 d - 3 rations


   Skills:
 + Level 2.5 Fighting
 + Level 2.3 Long Blades
 * Level 2.3 Armour
 - Level 1.7 Dodging
 - Level 2.0 Spellcasting
 + Level 3.1 Charms


You had 2 spell levels left.
You knew the following spells:

 Your Spells              Type           Power        Failure   Level  Hunger
a - Shroud of Golubria    Chrm/Tloc      #.........   26%         2    ###....
b - Song of Slaying       Chrm           ##......     13%         2    ###....
c - Infusion              Chrm           ##..         9%          1    ##.....


Dungeon Overview and Level Annotations

Branches:
Dungeon (2/15)

Altars:

Annotations:
D:2 Robin


Innate Abilities, Weirdness & Mutations

You have large cloven feet.
You regenerate a little health from kills.
You are immune to rotting.


Message History

The goblin shouts!
You kick the goblin.
The goblin is moderately wounded.
You hear a shout!
The goblin closely misses you.
You riposte.
You hit the goblin.
You kill the goblin!
You barely miss the goblin. You kick the goblin, but do no damage.
The goblin completely misses you. The goblin hits you but does no damage.
A hobgoblin comes into view. It is wielding a club.
You completely miss the goblin.
The hobgoblin moves out of view.
The goblin misses you.
You riposte.
You hit the goblin. Your kick misses the goblin.
The goblin is severely wounded.
Robin of the Strong Arm comes into view.
She is wielding a club.
You hit the goblin.
You kill the goblin!
You have reached level 4!
You feel agile.
Your demonic ancestry asserts itself...
You feel immune to rotting.
Are you sure you want to abandon this character and quit the game? (Confirm with "yes".)

.........##.....$.....##
.........##.............
#.##.....##.......g.g...
#.##.....##.......g...#
#.##.....##...........#
#.#.............g.....#
#.#...........##)######
#.#...........##g#
#.#...........##@#
#..............# ######
##.#####.##.#### #.....
#.#......#.# #.####
#.#.###..#.# #.# #.
#....# #.# #.... #.#
###..# #.#### .>. #.....


You could see Robin, a hobgoblin and 2 goblins.

Vanquished Creatures
  An adder (D:2)
  An ooze (D:2)
  A dart slug (D:1)
  A worm (D:2)
  3 leopard geckos
  4 bats
  4 giant cockroaches
  6 goblins
  4 hobgoblins (D:1)
  4 jackals (D:1)
  2 frilled lizards
  7 kobolds
  5 rats
43 creatures vanquished.

Notes
Turn   | Place    | Note
-------+----------+-------------------------------------------
     0 | D:1      | Ivernyr the Demonspawn Skald began the quest for the Orb.
     0 | D:1      | Reached XP level 1. HP: 16/16 MP: 3/3
    54 | D:1      | Reached skill level 1 in Armour
   236 | D:1      | Gained mutation: You regenerate a little health from kills. [demonic ancestry]
   236 | D:1      | Reached XP level 2. HP: 17/22 MP: 5/5
   538 | D:1      | Learned a level 2 spell: Song of Slaying
   541 | D:1      | Learned a level 2 spell: Shroud of Golubria
   863 | D:1      | Gained mutation: You have large cloven feet. [demonic ancestry]
   863 | D:1      | Reached XP level 3. HP: 23/28 MP: 6/6
  1047 | D:1      | Reached skill level 3 in Charms
  1502 | D:2      | Noticed Robin
  1502 | D:2      | Gained mutation: You are immune to rotting. [demonic ancestry]
  1502 | D:2      | Reached XP level 4. HP: 32/34 MP: 1/7
  1503 | D:2      | Quit the game

Skill      XL: |  1  2  3 |
---------------+----------+-----
Armour         | 1 2 |  2.3
Long Blades    | 2 |  2.3
Charms         | 3 |  3.1
Fighting       | |  2.5
Dodging        | |  1.7
Spellcasting   | |  2.0

Action                   |  1- 3 |  4- 6 || total
-------------------------+-------+-------++-------
Melee: Falchion          |   121 |       ||   121
       Kick              |    14 |       ||    14
 Cast: Shroud of Golubri |     4 |       ||     4
       Song of Slaying   |     1 |       ||     1
  Eat: Chunk             |     2 |       ||     2
Armor: Leather armour    |    33 |       ||    33
Dodge: Dodged            |    77 |       ||    77
       Rpst.: Falchion   |    19 |       ||    19
